[Event "ICC tourney 2482 (75 10)"]
[Site "Internet Chess Club"]
[Date "2021.03.27"]
[Round "1"]
[White "KRISHNAKUMAR, SRIRAM:sriramk"]
[Black "GUILLEMETTE, HUGO:Heliosis"]
[Result "1-0"]
[ICCResult "Black resigns"]
[WhiteElo "2165"]
[BlackElo "1915"]
[Opening "Scotch: Potter variation"]
[ECO "C45"]
[NIC "SO.05"]
[Time "12:03:21"]
[PlyCount "59"]
[TimeControl "4500+10"]

1. e4 e5 2. Nf3 Nc6 3. d4 exd4 4. Nxd4 Bc5 5. Nb3 Bb6 6. Nc3 Nf6 7. Qe2 d6
8. Bg5 h6 9. Bh4 g5 10. Bg3 Bg4 11. f3 Be6 12. O-O-O Qe7 13. Bf2 O-O-O 14.
Bxb6 axb6 15. Qf2 d5 16. Bd3 dxe4 17. Nxe4 Rhe8 18. Rhe1 Nd5 19. Bb5 f5 20.
Ng3 Qf7 21. Nd4 Ndb4 22. a3 Nd5 23. Nxc6 bxc6 24. Bxc6 Re7 25. Qe2 Rd6 26.
Bxd5 Kb8 27. Bxe6 Rexe6 28. Qf2 Rxe1 29. Qxe1 Qa2 30. Rxd6 { Black resigns
} 1-0

[Event "ICC tourney 2482 (75 10)"]
[Site "Internet Chess Club"]
[Date "2021.03.27"]
[Round "1"]
[White "LEE, ALICE TERESA:binomialfactor"]
[Black "PANG, ASHLEY:redhawk2020"]
[Result "1-0"]
[ICCResult "Black resigns"]
[WhiteElo "2200"]
[BlackElo "1955"]
[Opening "King's Indian: Gligoric-Taimanov system"]
[ECO "E92"]
[NIC "KI.18"]
[Time "12:03:34"]
[PlyCount "67"]
[TimeControl "4500+10"]

1. d4 Nf6 2. c4 g6 3. Nc3 Bg7 4. e4 d6 5. Nf3 O-O 6. Be2 e5 7. Be3 Nc6 8.
d5 Ne7 9. Nd2 Ne8 10. c5 f5 11. f3 Nf6 12. b4 Nh5 13. Nc4 Nf4 14. Bxf4 exf4
15. Qb3 Kh8 16. O-O-O a6 17. Rhe1 b5 18. Na5 Rb8 19. Nc6 Nxc6 20. dxc6 Qe8
21. exf5 Qe3+ 22. Kb2 Bxf5 23. Bd3 Qf2+ 24. Re2 Qd4 25. Bxf5 Qxc3+ 26. Qxc3
Bxc3+ 27. Kxc3 gxf5 28. cxd6 cxd6 29. Rxd6 Rf7 30. Rd7 Kg8 31. Ree7 Rxe7
32. Rxe7 Rc8 33. c7 h6 34. Rd7 { Black resigns } 1-0

[Event "ICC tourney 2482 (75 10)"]
[Site "Internet Chess Club"]
[Date "2021.03.27"]
[Round "1"]
[White "KUDRIN, SERGEY:analyst1"]
[Black "MOU, IRIS:MagicStar"]
[Result "1-0"]
[ICCResult "Black checkmated"]
[WhiteElo "2479"]
[BlackElo "2008"]
[Opening "French: Tarrasch, open variation"]
[ECO "C07"]
[NIC "FR.19"]
[Time "12:03:24"]
[PlyCount "51"]
[TimeControl "4500+10"]

1. e4 e6 2. d4 d5 3. Nd2 c5 4. exd5 Qxd5 5. Ngf3 cxd4 6. Bc4 Qd7 7. O-O Nc6
8. Nb3 Bd6 9. Nbxd4 Nxd4 10. Qxd4 Nf6 11. Bg5 Be7 12. Qh4 O-O 13. Bd3 h6
14. Bxh6 gxh6 15. Qxh6 e5 16. Ng5 Qd6 17. Rad1 Qb6 18. Bh7+ Kh8 19. Be4+
Kg8 20. Rd3 Bc5 21. Rg3 Bg4 22. Bh7+ Kh8 23. Bf5+ Kg8 24. Rxg4 Rad8 25.
Ne6+ Nxg4 26. Qg7# { Black checkmated } 1-0

[Event "ICC tourney 2482 (75 10)"]
[Site "Internet Chess Club"]
[Date "2021.03.27"]
[Round "1"]
[White "JORAJURIA MENDOZA, ALGOL:AJM04"]
[Black "Dragun, Kamil:Dragso95"]
[Result "0-1"]
[ICCResult "White resigns"]
[WhiteElo "2050"]
[BlackElo "2607"]
[Opening "Sicilian: closed"]
[ECO "B23"]
[NIC "SI.44"]
[Time "12:03:17"]
[PlyCount "89"]
[TimeControl "4500+10"]

1. e4 c5 2. Nc3 e6 3. g3 Nc6 4. Bg2 g6 5. d3 Bg7 6. Be3 d6 7. Qd2 Nge7 8.
Bh6 O-O 9. h4 Bxh6 10. Qxh6 f6 11. Qd2 e5 12. f4 Bg4 13. Bf3 Qd7 14. O-O-O
Nd4 15. Bxg4 Qxg4 16. Nce2 d5 17. Nxd4 cxd4 18. Ne2 dxe4 19. dxe4 Rac8 20.
h5 g5 21. Kb1 Nc6 22. h6 Kh8 23. Rdf1 a5 24. Rf2 Nb4 25. Rc1 Rcd8 26. a3 d3
27. axb4 dxe2 28. Qxe2 Qxe2 29. Rxe2 axb4 30. Ka2 Rd4 31. Rf1 Kg8 32. Kb3
b5 33. Rf3 Rf7 34. Ref2 g4 35. Re3 Kf8 36. c3 bxc3 37. bxc3 Rc4 38. Rd2
exf4 39. gxf4 Re7 40. Rd4 Rec7 41. Rxc4 Rxc4 42. Rg3 f5 43. exf5 Rxf4 44.
Rd3 Rxf5 45. c4 { White resigns } 0-1

[Event "ICC tourney 2482 (75 10)"]
[Site "Internet Chess Club"]
[Date "2021.03.27"]
[Round "1"]
[White "LIANG, YU-CHENG:Yucheng"]
[Black "SHEEHAN, ETHAN THOMAS:Chessking2008"]
[Result "1/2-1/2"]
[ICCResult "Game drawn by repetition"]
[WhiteElo "1921"]
[BlackElo "2196"]
[Opening "Nimzo-Indian: 4.e3 O-O, 5.Bd3 d5"]
[ECO "E51"]
[NIC "NI.06"]
[Time "12:03:24"]
[PlyCount "86"]
[TimeControl "4500+10"]

1. d4 Nf6 2. c4 e6 3. Nc3 Bb4 4. e3 O-O 5. Bd3 d5 6. Nf3 dxc4 7. Bxc4 c5 8.
a3 Bxc3+ 9. bxc3 Qc7 10. Be2 b6 11. O-O Ba6 12. Bxa6 Nxa6 13. Qe2 Qb7 14.
Bd2 Rac8 15. Rac1 Rfd8 16. Rfd1 Nb8 17. Ne5 Nbd7 18. Nxd7 Rxd7 19. f3 h6
20. Be1 Qc6 21. Qb2 Nd5 22. Bf2 f5 23. dxc5 bxc5 24. c4 Nb6 25. Qb5 Rxd1+
26. Rxd1 Qxb5 27. cxb5 Nd5 28. Rc1 c4 29. Kf1 Rc7 30. Ke2 e5 31. Be1 e4 32.
Rd1 Rc5 33. a4 c3 34. Rc1 Rc4 35. a5 Rb4 36. Bxc3 Rxb5 37. Bd2 Kf7 38. fxe4
fxe4 39. Rc4 Rb2 40. Ke1 Rb1+ 41. Ke2 Rb2 42. Ke1 Rb1+ 43. Ke2 Rb2 { Game
drawn by repetition } 1/2-1/2

[Event "ICC tourney 2482 (75 10)"]
[Site "Internet Chess Club"]
[Date "2021.03.27"]
[Round "1"]
[White "IVANOV, ALEXANDER:marble"]
[Black "SRIPADA, HAVISH:brilliantnessme"]
[Result "1-0"]
[ICCResult "Black resigns"]
[WhiteElo "2506"]
[BlackElo "2036"]
[Opening "Sicilian"]
[ECO "B50"]
[NIC "SI.01"]
[Time "12:03:21"]
[PlyCount "97"]
[TimeControl "4500+10"]

1. e4 c5 2. Nf3 d6 3. c3 Nf6 4. Bd3 Nc6 5. Bc2 Bg4 6. d3 e6 7. Nbd2 Be7 8.
h3 Bh5 9. Nf1 d5 10. Ng3 dxe4 11. Nxh5 Nxh5 12. dxe4 Qxd1+ 13. Kxd1 Nf6 14.
Ke2 O-O-O 15. Be3 b5 16. a4 a6 17. axb5 axb5 18. Ra6 Kb7 19. Rha1 Ra8 20.
Rxa8 Rxa8 21. Rxa8 Kxa8 22. e5 Nd7 23. Bxh7 Ncxe5 24. Nxe5 Nxe5 25. Bg8 g5
26. f4 Nc4 27. Bxf7 Nxe3 28. Kxe3 gxf4+ 29. Kxf4 Bd6+ 30. Ke4 Kb7 31. Bxe6
Bg3 32. Kd5 Kb6 33. b3 Be1 34. c4 bxc4 35. bxc4 Bg3 36. Bf7 Bf2 37. g4 Bh4
38. Ke6 Kc7 39. Kf5 Kd6 40. g5 Ke7 41. Bd5 Kf8 42. Kg4 Bf2 43. h4 Kg7 44.
h5 Be3 45. h6+ Kh7 46. Kh5 Kh8 47. Be4 Kg8 48. g6 Kf8 49. g7+ { Black
resigns } 1-0

[Event "ICC tourney 2482 (75 10)"]
[Site "Internet Chess Club"]
[Date "2021.03.27"]
[Round "1"]
[White "BELOUS, VLADIMIR:Openyagami"]
[Black "TANG, ZOEY:WonderZ"]
[Result "0-1"]
[ICCResult "White resigns"]
[WhiteElo "2607"]
[BlackElo "2048"]
[Opening "English opening"]
[ECO "A20"]
[NIC "EO.24"]
[Time "12:03:17"]
[PlyCount "96"]
[TimeControl "4500+10"]

1. c4 e5 2. g3 Bc5 3. Bg2 Nc6 4. e3 d6 5. Ne2 Bf5 6. a3 a5 7. d4 exd4 8.
Nxd4 Bd7 9. O-O Nge7 10. Nc3 O-O 11. b3 Qc8 12. Ne4 Bb6 13. Bb2 f5 14. Nc3
Nxd4 15. exd4 f4 16. Re1 Ng6 17. Nd5 Ba7 18. Qd3 fxg3 19. hxg3 Qd8 20. Be4
Be8 21. Re2 c6 22. Ne3 Qg5 23. Bg2 Bd7 24. Rae1 Rae8 25. c5 d5 26. Bc3 Bb8
27. Bxa5 Bh3 28. Bd2 Qh5 29. Nf1 Bf5 30. Qxf5 Qxf5 31. Rxe8 Qxf2+ 32. Kh1
Bxg3 33. Rxf8+ Nxf8 34. Re3 Bf4 35. Be1 Qb2 36. Re7 Qxb3 37. Nh2 h5 38. Nf3
Ng6 39. Re6 Qb1 40. Bh3 Bh6 41. Re8+ Kh7 42. Be6 Bf4 43. Kg2 Qc2+ 44. Bf2
h4 45. a4 Kh6 46. Bg4 Bg3 47. Nd2 Qxd2 48. Re2 Nf4+ { White resigns } 0-1

[Event "ICC tourney 2482 (75 10)"]
[Site "Internet Chess Club"]
[Date "2021.03.27"]
[Round "1"]
[White "VAKHIDOV, JAKHONGIR:TjkTiger"]
[Black "CAO, TIMOTHY:tcao"]
[Result "1-0"]
[ICCResult "Black resigns"]
[WhiteElo "2610"]
[BlackElo "2067"]
[Opening "English: four knights, Nimzovich variation"]
[ECO "A28"]
[NIC "EO.09"]
[Time "12:04:12"]
[PlyCount "77"]
[TimeControl "4500+10"]

1. c4 e5 2. Nc3 Nf6 3. Nf3 Nc6 4. e4 Bb4 5. d3 O-O 6. a3 Bxc3+ 7. bxc3 d6
8. g3 b6 9. Bg2 Bb7 10. O-O Ne7 11. Ne1 Nd7 12. f4 f5 13. exf5 Bxg2 14.
Nxg2 Nxf5 15. fxe5 Nxe5 16. d4 Ng6 17. Qg4 Nfe7 18. Qe6+ Kh8 19. Bg5 Qc8
20. Rxf8+ Qxf8 21. Rf1 Qc8 22. Qe4 Ng8 23. Rf7 c6 24. Nf4 Nxf4 25. Bxf4 Nf6
26. Qe7 Qg8 27. Bxd6 Re8 28. Qxa7 Ng4 29. Qd7 Nf6 30. Qb7 Ng4 31. Qd7 Nf6
32. Qc7 Ng4 33. Re7 Qf8 34. Rxe8 Qxe8 35. Qe7 Qxe7 36. Bxe7 Ne3 37. c5 b5
38. Bg5 Nc4 39. Kf2 { Black resigns } 1-0

[Event "ICC tourney 2482 (75 10)"]
[Site "Internet Chess Club"]
[Date "2021.03.27"]
[Round "1"]
[White "WISNIOWSKI, NATALIE:canary2016"]
[Black "HU, MERRIC:edmehu"]
[Result "0-1"]
[ICCResult "White resigns"]
[WhiteElo "1956"]
[BlackElo "2227"]
[Opening "King's Indian: fianchetto, Panno variation"]
[ECO "E63"]
[NIC "KI.71"]
[Time "12:03:25"]
[PlyCount "102"]
[TimeControl "4500+10"]

1. d4 Nf6 2. c4 g6 3. Nf3 Bg7 4. g3 O-O 5. Bg2 d6 6. O-O Nc6 7. Nc3 a6 8.
e4 Bg4 9. h3 Bxf3 10. Bxf3 Nd7 11. Be3 e5 12. d5 Nd4 13. Bg2 c5 14. Qd2 Rb8
15. Ne2 b5 16. cxb5 axb5 17. f4 Nb6 18. Nxd4 exd4 19. Bf2 Nc4 20. Qe2 d3
21. Qxd3 Nxb2 22. Qe2 c4 23. Rab1 Nd3 24. Be3 Qa5 25. Rfd1 Rfe8 26. Bf3 Nb4
27. Bd4 Bxd4+ 28. Rxd4 Nxa2 29. Ra1 Qb6 30. Qf2 Nb4 31. Rad1 Nd3 32. Qe3 b4
33. Kh1 b3 34. Qg1 b2 35. Rb1 c3 36. Bd1 Nb4 37. Ba4 Rec8 38. Qd1 c2 39.
Bxc2 Nxc2 40. Rd2 Na3 41. Rbxb2 Qxb2 42. Rxb2 Rxb2 43. f5 Rb1 44. Qxb1 Nxb1
45. Kg2 Re8 46. Kf3 Nd2+ 47. Ke3 Nxe4 48. fxg6 hxg6 49. g4 Nf6+ 50. Kd4
Re4+ 51. Kd3 Ra4 { White resigns } 0-1

[Event "ICC tourney 2482 (75 10)"]
[Site "Internet Chess Club"]
[Date "2021.03.27"]
[Round "1"]
[White "ZHANG, DANIEL Y:dzchess01"]
[Black "ZHANG, SAMUEL:lmperatorX"]
[Result "0-1"]
[ICCResult "White resigns"]
[WhiteElo "1907"]
[BlackElo "2113"]
[Opening "Sicilian: Najdorf, Opocensky variation"]
[ECO "B92"]
[NIC "SI.10"]
[Time "12:03:19"]
[PlyCount "58"]
[TimeControl "4500+10"]

1. e4 c5 2. Nf3 d6 3. d4 cxd4 4. Nxd4 Nf6 5. Nc3 a6 6. Be2 e5 7. Nf3 Be7 8.
Bg5 Nbd7 9. O-O b5 10. a4 b4 11. Nd5 Rb8 12. Bxf6 Nxf6 13. Nxf6+ Bxf6 14.
a5 O-O 15. h3 Qc7 16. Nd2 Bb7 17. Bd3 Rfd8 18. Qe2 d5 19. Rfd1 h6 20. exd5
Bxd5 21. Ne4 Be7 22. Bxa6 Ra8 23. Bd3 Rxa5 24. Qh5 Be6 25. Ng3 Bf6 26. Ne4
Be7 27. Ng3 Rad5 28. Ra6 b3 29. Qe2 bxc2 { White resigns } 0-1

[Event "ICC tourney 2482 (75 10)"]
[Site "Internet Chess Club"]
[Date "2021.03.27"]
[Round "1"]
[White "RAJANISH, ADHVAITH:Adhvaith0406"]
[Black "Volkov, Sergey:Volkov"]
[Result "1/2-1/2"]
[ICCResult "Game drawn by repetition"]
[WhiteElo "2036"]
[BlackElo "2607"]
[Opening "French: Schlechter variation"]
[ECO "C01"]
[NIC "FR.01"]
[Time "12:03:23"]
[PlyCount "177"]
[TimeControl "4500+10"]

1. e4 e6 2. d4 d5 3. Bd3 dxe4 4. Bxe4 Nf6 5. Bf3 c5 6. Ne2 cxd4 7. Nxd4 Bc5
8. Be3 e5 9. Nb5 Bxe3 10. Qxd8+ Kxd8 11. fxe3 e4 12. Be2 a6 13. Nd6 Ke7 14.
Nxc8+ Rxc8 15. Nc3 Rd8 16. Rd1 Rxd1+ 17. Kxd1 Nc6 18. Kc1 Rd8 19. Rf1 Ne5
20. h3 h6 21. Rd1 Rxd1+ 22. Kxd1 Ke6 23. Kd2 h5 24. Na4 Kd5 25. Nb6+ Kc5
26. Na4+ Kb4 27. Nc3 Nc4+ 28. Bxc4 Kxc4 29. a3 b5 30. Ne2 h4 31. g3 hxg3
32. Nxg3 g6 33. b3+ Kd5 34. h4 Nh5 35. Nxh5 gxh5 36. Ke2 a5 37. Kd2 Kc5 38.
Kc3 f5 39. Kd2 Kd5 40. Ke2 Ke5 41. Kd2 f4 42. exf4+ Kxf4 43. c4 e3+ 44. Ke2
a4 45. b4 bxc4 46. b5 c3 47. b6 c2 48. b7 c1=Q 49. b8=Q+ Kg4 50. Qg8+ Kxh4
51. Qd8+ Kg4 52. Qd7+ Kf4 53. Qd4+ Kf5 54. Qd5+ Kf6 55. Qd6+ Kf5 56. Qd5+
Kf4 57. Qd4+ Kf5 58. Qd5+ Kf6 59. Qd6+ Kf7 60. Qd7+ Kf6 61. Qd6+ Kf5 62.
Qd5+ Kg4 63. Qe4+ Kg5 64. Qe5+ Kg6 65. Qe6+ Kg7 66. Qe7+ Kg6 67. Qe6+ Kg5
68. Qe5+ Kg4 69. Qe4+ Kg3 70. Qf3+ Kh4 71. Qf4+ Kh3 72. Qf3+ Kh4 73. Qf4+
Kh3 74. Qf3+ Kh4 75. Qf4+ Kh3 76. Qf3+ Kh4 77. Qf4+ Kh3 78. Qf3+ Kh4 79.
Qf4+ Kh3 80. Qf3+ Kh4 81. Qf4+ Kh3 82. Qf3+ Kh4 83. Qf4+ Kh3 84. Qf3+ Kh4
85. Qf4+ Kh3 86. Qf3+ Kh4 87. Qf4+ Kh3 88. Qf3+ Kh4 89. Qf4+ { Game drawn
by repetition } 1/2-1/2

[Event "ICC tourney 2482 (75 10)"]
[Site "Internet Chess Club"]
[Date "2021.03.27"]
[Round "1"]
[White "GAO, MATTHEW IAN:xcelswimmer"]
[Black "SRINIAIYER, SUDARSHAN:Ambuli123"]
[Result "0-1"]
[ICCResult "White resigns"]
[WhiteElo "1916"]
[BlackElo "2170"]
[Opening "QGD: Janowski variation"]
[ECO "D31"]
[NIC "QP.08"]
[Time "12:03:55"]
[PlyCount "64"]
[TimeControl "4500+10"]

1. d4 d5 2. c4 e6 3. Nc3 a6 4. Nf3 Nf6 5. Bg5 dxc4 6. e3 b5 7. a4 c6 8.
axb5 cxb5 9. Bxf6 gxf6 10. Nxb5 axb5 11. Rxa8 Bb4+ 12. Nd2 Bb7 13. Ra1 e5
14. dxe5 fxe5 15. Be2 Rg8 16. Qc2 Rxg2 17. Rd1 Qh4 18. Qf5 Rg5 19. Qf6 Rg1+
20. Rxg1 Qxf6 21. Rg8+ Bf8 22. b3 cxb3 23. Bxb5+ Ke7 24. Nc4 b2 25. Rb1 Ba6
26. Bxa6 Qxa6 27. Rxb2 Nd7 28. Nd2 Nf6 29. Rg5 Ke6 30. f4 Bd6 31. f5+ Ke7
32. e4 Nxe4 { White resigns } 0-1

[Event "ICC tourney 2482 (75 10)"]
[Site "Internet Chess Club"]
[Date "2021.03.27"]
[Round "1"]
[White "Kodarapu, Ishaan:pika0008"]
[Black "LUO, TERRY:Terry1234"]
[Result "1/2-1/2"]
[ICCResult "Game drawn by repetition"]
[WhiteElo "1965"]
[BlackElo "2277"]
[Opening "King's Indian: 5.Nf3"]
[ECO "E90"]
[NIC "KI.20"]
[Time "12:03:16"]
[PlyCount "105"]
[TimeControl "4500+10"]

1. Nf3 Nf6 2. c4 g6 3. Nc3 Bg7 4. e4 d6 5. d4 O-O 6. h3 c5 7. d5 e6 8. Be3
exd5 9. cxd5 Re8 10. Bd3 c4 11. Bc2 b5 12. a3 a5 13. O-O Ba6 14. Bg5 h6 15.
Bxf6 Bxf6 16. Re1 Nd7 17. Qd2 Kg7 18. Nd4 Qb6 19. Nf3 Nc5 20. Qe3 b4 21.
axb4 axb4 22. Nd1 Bb7 23. Rxa8 Bxa8 24. Qf4 b3 25. Bb1 Nd7 26. Qd2 Ne5 27.
Nxe5 Bxe5 28. Ne3 Rc8 29. Ng4 h5 30. Qh6+ Kg8 31. Nxe5 dxe5 32. Qe3 Qxe3
33. Rxe3 Bb7 34. f3 Kf8 35. Kf2 Ke7 36. g3 Kd6 37. f4 f6 38. Ke2 Kc5 39.
Kd2 Kd4 40. fxe5 fxe5 41. Rf3 Ba6 42. Rf6 Bb5 43. Rf3 Bd7 44. h4 Bg4 45.
Rf6 Ra8 46. Rf1 Ra1 47. d6 Bh3 48. Rd1 Bg4 49. Rf1 Bh3 50. Rd1 Bg4 51. Rf1
Bd7 52. Rd1 Bg4 53. Rf1 { Game drawn by repetition } 1/2-1/2

[Event "ICC tourney 2482 (75 10)"]
[Site "Internet Chess Club"]
[Date "2021.03.27"]
[Round "1"]
[White "Poliannikov, Danila:dopolian"]
[Black "ZHANG, ROGER:RogerZ"]
[Result "1-0"]
[ICCResult "Black resigns"]
[WhiteElo "2266"]
[BlackElo "1957"]
[Opening "Sicilian, Szén (`anti-Taimanov') variation"]
[ECO "B44"]
[NIC "SI.39"]
[Time "12:03:17"]
[PlyCount "89"]
[TimeControl "4500+10"]

1. e4 c5 2. Nf3 e6 3. d4 cxd4 4. Nxd4 Nc6 5. Nb5 d6 6. c4 Nf6 7. N1c3 a6 8.
Na3 Be7 9. Be2 O-O 10. O-O Qc7 11. Be3 b6 12. Rc1 Bb7 13. f3 Ne5 14. Qe1
Rab8 15. Qf2 Ba8 16. Rfd1 Rfd8 17. b4 Qb7 18. Na4 Ned7 19. Qf1 a5 20. bxa5
bxa5 21. Nb5 Nc5 22. Nxd6 Bxd6 23. Nxc5 Qc7 24. Na6 Bxh2+ 25. Kh1 Qe5 26.
Nxb8 Rxb8 27. f4 Qxe4 28. Ba7 Rc8 29. Kxh2 Qg6 30. Bf3 Nh5 31. Bxa8 Qg3+
32. Kg1 Rxa8 33. Qf3 Qxf3 34. gxf3 Nxf4 35. Kf2 h5 36. Be3 Ng6 37. c5 Rc8
38. c6 Kh7 39. c7 h4 40. Rd8 Ne7 41. Rxc8 Nxc8 42. Rd1 f6 43. Rd8 Nb6 44.
Bxb6 g5 45. c8=Q { Black resigns } 1-0

[Event "ICC tourney 2482 (75 10)"]
[Site "Internet Chess Club"]
[Date "2021.03.27"]
[Round "1"]
[White "MYSORE, ABHINAV NAVEEN:Mapking1"]
[Black "CHEN, JUSTIN:justinchess"]
[Result "0-1"]
[ICCResult "White checkmated"]
[WhiteElo "1979"]
[BlackElo "2370"]
[Opening "Sicilian: Najdorf, Byrne (English) attack"]
[ECO "B90"]
[NIC "SI.14"]
[Time "12:03:19"]
[PlyCount "90"]
[TimeControl "4500+10"]

1. e4 c5 2. Nf3 d6 3. d4 Nf6 4. Nc3 cxd4 5. Nxd4 a6 6. Be3 g6 7. f3 b5 8.
a4 b4 9. Na2 e5 10. Nb3 d5 11. Bg5 Nbd7 12. exd5 h6 13. Bh4 Bb7 14. c4 bxc3
15. Nxc3 Bb4 16. d6 Qb6 17. Bf2 Qc6 18. Rc1 Qxa4 19. Be2 Bd5 20. Nd2 Qxd1+
21. Bxd1 Be6 22. O-O Bxd6 23. Nce4 Be7 24. Ba4 O-O 25. Rc7 Bb4 26. Rfc1 Ba5
27. R7c6 Rfb8 28. R1c2 Nxe4 29. Nxe4 Nb6 30. b4 Nxa4 31. bxa5 Bf5 32. h4
Rb5 33. Be3 Kg7 34. Bd2 Rd8 35. Rxa6 Bxe4 36. fxe4 Nc5 37. Rb6 Rxb6 38.
axb6 Nxe4 39. Be3 Rd1+ 40. Kh2 Rb1 41. Rc7 Nf6 42. Bc5 Ng4+ 43. Kg3 Rb3+
44. Kxg4 h5+ 45. Kg5 Rg3# { White checkmated } 0-1

[Event "ICC tourney 2482 (75 10)"]
[Site "Internet Chess Club"]
[Date "2021.03.27"]
[Round "1"]
[White "ZENG, SHEENA:shianen"]
[Black "Massick, Laine:Laine23"]
[Result "1/2-1/2"]
[ICCResult "Game drawn because neither player has mating material"]
[WhiteElo "2197"]
[BlackElo "1935"]
[Opening "Bogo-Indian defense"]
[ECO "E11"]
[NIC "QI.01"]
[Time "12:03:16"]
[PlyCount "134"]
[TimeControl "4500+10"]

1. d4 Nf6 2. c4 e6 3. Nf3 Bb4+ 4. Bd2 Bxd2+ 5. Qxd2 O-O 6. Nc3 d5 7. e3 Qe7
8. Bd3 dxc4 9. Bxc4 Nbd7 10. Qc2 c5 11. dxc5 Qxc5 12. Bd3 Ne5 13. Nxe5 Qxe5
14. h3 h6 15. O-O Nd5 16. Nxd5 Qxd5 17. Rfd1 Qe5 18. Rac1 b6 19. Qc7 Qxc7
20. Rxc7 a5 21. Bb5 Ba6 22. Bxa6 Rxa6 23. Rd6 Rb8 24. Rdd7 Rf8 25. Rb7 a4
26. a3 Raa8 27. Kf1 Rad8 28. Rxd8 Rxd8 29. Rxb6 Rd2 30. Rb4 h5 31. Rxa4
Rxb2 32. g4 hxg4 33. hxg4 Kh7 34. Kg2 Kg6 35. Kg3 Rb3 36. Ra7 f6 37. Kf4
e5+ 38. Ke4 Rb2 39. f4 exf4 40. exf4 Rb3 41. Ra6 Rb1 42. g5 Rb2 43. gxf6
gxf6 44. Rd6 Re2+ 45. Kf3 Ra2 46. Ra6 Rb2 47. a4 Rb3+ 48. Kg4 Rb4 49. Ra8
f5+ 50. Kf3 Rb3+ 51. Kf2 Rb2+ 52. Kg3 Kh5 53. Rg8 Rb3+ 54. Kf2 Rb4 55. Rg5+
Kh4 56. Rxf5 Rxa4 57. Kf3 Ra3+ 58. Ke4 Ra4+ 59. Ke5 Ra5+ 60. Kf6 Ra6+ 61.
Kg7 Kg4 62. Rf7 Ra5 63. Kg6 Ra6+ 64. Kg7 Ra5 65. Rf6 Rf5 66. Kg6 Rxf6+ 67.
Kxf6 Kxf4 { Game drawn because neither player has mating material } 1/2-1/2

[Event "ICC tourney 2482 (75 10)"]
[Site "Internet Chess Club"]
[Date "2021.03.27"]
[Round "1"]
[White "HU, ALEXANDER C:ahu1015"]
[Black "HEBDEN, MARK L:mhebden"]
[Result "0-1"]
[ICCResult "White resigns"]
[WhiteElo "2015"]
[BlackElo "2503"]
[Opening "Ruy Lopez: Anderssen variation"]
[ECO "C77"]
[NIC "RL.12"]
[Time "12:04:12"]
[PlyCount "126"]
[TimeControl "4500+10"]

1. e4 e5 2. Nf3 Nc6 3. Bb5 a6 4. Ba4 Nf6 5. d3 d6 6. c3 g6 7. O-O Bg7 8.
Nbd2 O-O 9. Re1 Re8 10. Nf1 h6 11. Ng3 b5 12. Bc2 d5 13. a4 b4 14. Be3 Rb8
15. a5 dxe4 16. dxe4 Qxd1 17. Rexd1 Bb7 18. Ba4 bxc3 19. bxc3 Ba8 20. Nd2
h5 21. h4 Ng4 22. Bc5 Bf6 23. Nb3 Bxh4 24. Rd7 Rec8 25. Ba3 Nf6 26. Rd3
Bxg3 27. fxg3 Nxe4 28. Re1 Nf6 29. Rf1 e4 30. Rd2 Ng4 31. Nc5 e3 32. Re2
Nxa5 33. Nd7 Nc4 34. Nxb8 Rxb8 35. Bc1 Be4 36. Bc2 Bxc2 37. Rxc2 Nd6 38.
Rb2 Re8 39. Re2 Ne4 40. Rf3 Nxc3 41. Re1 Nd5 42. Bb2 a5 43. Bd4 Re4 44. Bc5
Rc4 45. Bxe3 Ndxe3 46. Rfxe3 Nxe3 47. Rxe3 a4 48. Re8+ Kg7 49. Ra8 Kf6 50.
Ra5 c5 51. Ra7 Ke6 52. Kf2 f6 53. Ra6+ Kf5 54. Kf3 Rc3+ 55. Kf2 a3 56. Ra4
g5 57. Ra5 Ke4 58. Ra6 Rc2+ 59. Kg1 a2 60. Kh2 c4 61. Ra3 c3 62. Kh3 Rc1
63. Kh2 a1=Q { White resigns } 0-1

[Event "ICC tourney 2482 (75 10)"]
[Site "Internet Chess Club"]
[Date "2021.03.27"]
[Round "1"]
[White "XUE, JERRY Q:JQX2019"]
[Black "QUIRKE, JEFFREY L:PawnEatingZombi"]
[Result "1-0"]
[ICCResult "Black forfeits on time"]
[WhiteElo "1935"]
[BlackElo "2200"]
[Opening "QGD: 3.Nc3"]
[ECO "D31"]
[NIC "QP.08"]
[Time "12:03:32"]
[PlyCount "137"]
[TimeControl "4500+10"]

1. d4 d5 2. c4 e6 3. Nc3 Bb4 4. Qa4+ Nc6 5. e3 Nf6 6. Nf3 O-O 7. Qc2 a6 8.
Bd2 dxc4 9. Bxc4 Bd6 10. O-O Qe7 11. h3 e5 12. Ng5 Nb4 13. Qb1 h6 14. Nge4
exd4 15. exd4 Bf5 16. Re1 Rae8 17. f3 Qd8 18. Be3 Bg3 19. Re2 Nfd5 20. Bf2
Bxf2+ 21. Kxf2 Nb6 22. Bb3 Qxd4+ 23. Kf1 N6d5 24. Rd2 Ne3+ 25. Ke2 Qb6 26.
Qg1 Bxe4 27. fxe4 Nf5 28. Qxb6 cxb6 29. Kf2 Nh4 30. Rd7 Ng6 31. Rxb7 b5 32.
Rd1 Ne5 33. Ke3 g6 34. g4 Kg7 35. Rd6 Rd8 36. Rxd8 Rxd8 37. Nd5 Nbd3 38.
Ra7 Rd6 39. Nc7 Rc6 40. Nxa6 Nxb2 41. Nb4 Rf6 42. Ke2 Rf4 43. Bd5 Nbc4 44.
Nc6 Nxc6 45. Bxc6 b4 46. Bd5 Ne5 47. Rb7 h5 48. gxh5 gxh5 49. Rxb4 Rf6 50.
Ra4 Rb6 51. Ra7 Kg6 52. a4 Rb1 53. Kf2 f6 54. a5 Ra1 55. a6 Kg5 56. Ra8 Kf4
57. a7 Ra3 58. Rf8 Nd3+ 59. Ke2 Rxa7 60. Kxd3 Ke5 61. Re8+ Kf4 62. Kd4 Ra3
63. Rf8 Kg5 64. Rg8+ Kh4 65. Be6 Ra4+ 66. Ke3 f5 67. Bxf5 Ra3+ 68. Kf4 Ra8
69. Be6 { Black forfeits on time } 1-0

[Event "ICC tourney 2482 (75 10)"]
[Site "Internet Chess Club"]
[Date "2021.03.27"]
[Round "1"]
[White "Vittal, Sanjana:MCTS13"]
[Black "WANG, RYAN R:ryanwang"]
[Result "1-0"]
[ICCResult "Black resigns"]
[WhiteElo "2196"]
[BlackElo "1916"]
[Opening "Sicilian: closed, 2...Nc6"]
[ECO "B23"]
[NIC "SI.44"]
[Time "12:03:22"]
[PlyCount "121"]
[TimeControl "4500+10"]

1. e4 c5 2. Nc3 Nc6 3. Bb5 Nd4 4. Nf3 a6 5. Bd3 Nc6 6. O-O d6 7. h3 g6 8.
Ne2 Bg7 9. c3 e5 10. Bc4 Nge7 11. d3 O-O 12. Nh2 Be6 13. Bxe6 fxe6 14. f4
Qd7 15. Be3 Kh8 16. Qe1 exf4 17. Nxf4 e5 18. Ne2 Rxf1+ 19. Nxf1 Rf8 20. c4
Nd4 21. Nxd4 exd4 22. Bg5 Nc6 23. Ng3 Ne5 24. Qe2 b5 25. b3 Qe6 26. Rf1
Rxf1+ 27. Qxf1 Kg8 28. a3 Qf7 29. Qd1 bxc4 30. bxc4 h6 31. Bc1 Qb7 32. Qc2
Kh7 33. Ne2 a5 34. a4 Nc6 35. Nf4 Nb4 36. Qe2 Qd7 37. Qd1 Be5 38. Nd5 Nxd5
39. exd5 Qf5 40. Qe2 Bf6 41. Bd2 Bd8 42. Qe8 Bg5 43. Bxg5 hxg5 44. Qe7+ Kh6
45. Qxd6 Qxd3 46. Qf8+ Kh7 47. Qe7+ Kh6 48. d6 Qb1+ 49. Kh2 Qf5 50. Qe1 d3
51. Qe3 Kh7 52. Kg1 Kg7 53. Qe7+ Qf7 54. Qxg5 Qxc4 55. Qe5+ Kh6 56. d7 Qg8
57. Qe3+ Kh7 58. Qxd3 c4 59. Qe4 c3 60. Qh4+ Kg7 61. d8=Q { Black resigns }
1-0

[Event "ICC tourney 2482 (75 10)"]
[Site "Internet Chess Club"]
[Date "2021.03.27"]
[Round "1"]
[White "OTAWA, YUTO:hidedozyo"]
[Black "HO, COOPER:arsenicblast"]
[Result "1-0"]
[ICCResult "Black forfeits on time"]
[WhiteElo "2327"]
[BlackElo "1975"]
[Opening "QGD Slav defense: exchange variation"]
[ECO "D10"]
[NIC "SL.01"]
[Time "12:03:18"]
[PlyCount "81"]
[TimeControl "4500+10"]

1. d4 d5 2. c4 c6 3. cxd5 cxd5 4. Bf4 Nf6 5. e3 Nc6 6. Nc3 Bf5 7. Qb3 Na5
8. Qa4+ Bd7 9. Qc2 Rc8 10. Bd3 e6 11. Nf3 b5 12. a3 Be7 13. h3 Nc4 14. O-O
a5 15. Qe2 b4 16. axb4 axb4 17. Na4 O-O 18. Rfc1 Qe8 19. b3 Bxa4 20. Rxa4
Nb6 21. Rxc8 Qxc8 22. Ra7 Nfd7 23. Rc7 Qa8 24. Ne5 Qa1+ 25. Kh2 Bd6 26.
Nxd7 Bxc7 27. Bxh7+ Kxh7 28. Nxf8+ Kg8 29. Bxc7 Nc4 30. bxc4 b3 31. Bd6 b2
32. Qg4 b1=Q 33. Be5 Kxf8 34. Qxg7+ Ke8 35. Qg8+ Ke7 36. Qc8 Qa7 37. c5
Qbb7 38. Bd6+ Kf6 39. Qh8+ Kg6 40. Qg8+ Kf6 41. g4 { Black forfeits on time
} 1-0